| TOP OF THE 1ST |
|
Wisconsin Timber Rattlers batting - Pitching for Fort Wayne TinCaps : RHP Josh Thorne
|
|
Pitching: RHP Josh Thorne
|
|
|
Batting: RHB Chris Maul
|
0-0: Ball 1-0: Foul Ball, location: 2F 1-1: Called Strike 1-2: Ground out U3 (Groundball, 13, EV 85.6 MPH)
|
|
Batting: RHB Victor Alarcon
|
0-0: Ball 1-0: Ball 2-0: Called Strike 2-1: Fly out, F7 (Flyball, 78M, EV 83.8 MPH)
|
|
Batting: RHB Jose Cerritos
|
0-0: Ground out 1-3 (Groundball, 13, EV 64.4 MPH)
|
| Top of the 1st over - 0 runs, 0 hits, 0 errors, 0 left on base; Wisconsin 0 - Fort Wayne 0 |
| BOTTOM OF THE 1ST |
|
Fort Wayne TinCaps batting - Pitching for Wisconsin Timber Rattlers : RHP Travis Bieberich
|
|
Pitching: RHP Travis Bieberich
|
|
|
Batting: RHB Adrian Cook
|
0-0: Ball 1-0: Foul Ball, location: 2F 1-1: Foul Ball, location: 2F 1-2: Ground out 5-3 (Groundball, 5, EV 79.4 MPH)
|
|
Batting: RHB Marcus Dawson
|
0-0: Swinging Strike 0-1: Ball 1-1: Bunt missed! 1-2: Ball 2-2: Foul Ball, location: 2F 2-2: Foul Ball, location: 2F 2-2: Fly out, F7 (Line Drive, 78M, EV 93.1 MPH)
|
|
Batting: RHB Dave Cordero
|
0-0: Foul Ball, location: 2F 0-1: Ball 1-1: Ball 2-1: Swinging Strike 2-2: Strikes out swinging
|
| Bottom of the 1st over - 0 runs, 0 hits, 0 errors, 0 left on base; Wisconsin 0 - Fort Wayne 0 |
| TOP OF THE 2ND |
|
Wisconsin Timber Rattlers batting - Pitching for Fort Wayne TinCaps : RHP Josh Thorne
|
|
Batting: LHB Karel Hort
|
0-0: Ball 1-0: Called Strike 1-1: Ball 2-1: Ground out U3 (Groundball, 34, EV 83.8 MPH)
|
|
Batting: SHB Craig Wright
|
0-0: Swinging Strike 0-1: Swinging Strike 0-2: Ground out 4-3 (Groundball, 4M, EV 104.4 MPH)
|
|
Batting: SHB C.J. Olivares
|
0-0: Ball 1-0: Ball 2-0: DOUBLE (Line Drive, 89D, EV 105.6 MPH)
|
|
Batting: RHB Jonathan Sarles
|
0-0: Ground out 5-3 (Groundball, 56, EV 106.9 MPH)
|
| Top of the 2nd over - 0 runs, 1 hit, 0 errors, 1 left on base; Wisconsin 0 - Fort Wayne 0 |
| BOTTOM OF THE 2ND |
|
Fort Wayne TinCaps batting - Pitching for Wisconsin Timber Rattlers : RHP Travis Bieberich
|
|
Batting: LHB Sean Trueblood
|
0-0: Ball 1-0: Fly out, F7 (Flyball, 7S, EV 79.4 MPH)
|
|
Batting: LHB Justin Alworth
|
0-0: Ball 1-0: Called Strike 1-1: Ground out 4-3 (Groundball, 4, EV 93.1 MPH)
|
|
Batting: LHB Javy Portela
|
0-0: Ball 1-0: Called Strike 1-1: Foul Ball, location: 2F 1-2: Foul Ball, location: 2F 1-2: Strikes out swinging
|
| Bottom of the 2nd over - 0 runs, 0 hits, 0 errors, 0 left on base; Wisconsin 0 - Fort Wayne 0 |
| TOP OF THE 3RD |
|
Wisconsin Timber Rattlers batting - Pitching for Fort Wayne TinCaps : RHP Josh Thorne
|
|
Batting: RHB Michael Dickerson
|
0-0: Called Strike 0-1: Foul Ball, location: 2F 0-2: Ball 1-2: Ground out 6-3 (Groundball, 6, EV 80.0 MPH)
|
|
Batting: SHB Robert Sayer
|
0-0: Ball 1-0: Foul Ball, location: 2F 1-1: Ball 2-1: Ball 3-1: Base on Balls
|
|
Batting: RHB Chris Maul
|
0-0: Foul Ball, location: 2F 0-1: Called Strike 0-2: Ball 1-2: Ball 2-2: Ball 3-2: Base on Balls Robert Sayer to second
|
|
Batting: RHB Victor Alarcon
|
0-0: Called Strike 0-1: Ball 1-1: Called Strike 1-2: Fielders Choice at 2nd, 4-6 (Groundball, 4, EV 86.9 MPH) Robert Sayer to third
|
|
Batting: RHB Jose Cerritos
|
0-0: Ball 1-0: Ground out 4-3 (Groundball, 4, EV 84.4 MPH)
|
| Top of the 3rd over - 0 runs, 0 hits, 0 errors, 2 left on base; Wisconsin 0 - Fort Wayne 0 |
| BOTTOM OF THE 3RD |
|
Fort Wayne TinCaps batting - Pitching for Wisconsin Timber Rattlers : RHP Travis Bieberich
|
|
Batting: RHB Brian Klinkner
|
0-0: Foul Ball, location: 2F 0-1: Ball 1-1: Ball 2-1: Called Strike 2-2: Foul Ball, location: 2F 2-2: Ball 3-2: DOUBLE (Flyball, 78XD, EV 109.4 MPH)
|
|
Batting: RHB Danny Gallegos
|
0-0: Ball 1-0: Swinging Strike 1-1: Ball 2-1: Foul Ball, location: 2F 2-2: Ball 3-2: Strikes out looking
|
|
Batting: RHB Ricky Trejo
|
0-0: Ball 1-0: Swinging Strike 1-1: Foul Ball, location: 2F 1-2: Ball 2-2: Ground out U3 (Groundball, 34S, EV 83.8 MPH) Brian Klinkner to third
|
|
Batting: RHB Adrian Cook
|
0-0: Ball 1-0: Foul Ball, location: 2F 1-1: Ball 2-1: TRIPLE (Flyball, 89D, EV 89.4 MPH) Brian Klinkner scores
|
|
Batting: RHB Marcus Dawson
|
0-0: Called Strike 0-1: Ground out 6-3 (Groundball, 6, EV 103.1 MPH)
|
| Bottom of the 3rd over - 1 run, 2 hits, 0 errors, 1 left on base; Wisconsin 0 - Fort Wayne 1 |
| TOP OF THE 4TH |
|
Wisconsin Timber Rattlers batting - Pitching for Fort Wayne TinCaps : RHP Josh Thorne
|
|
Batting: LHB Karel Hort
|
0-0: Ground out 5-3 (Groundball, 56S, EV 73.1 MPH)
|
|
Batting: SHB Craig Wright
|
0-0: Called Strike 0-1: Ball 1-1: Ground out U3 (Groundball, 3, EV 107.5 MPH)
|
|
Batting: SHB C.J. Olivares
|
0-0: Ball 1-0: Foul Ball, location: 2F 1-1: DOUBLE (Groundball, 5L, EV 103.1 MPH)
|
|
Batting: RHB Jonathan Sarles
|
0-0: Called Strike 0-1: Ball 1-1: Ball 2-1: Ground out 6-3 (Groundball, 6, EV 105.6 MPH)
|
| Top of the 4th over - 0 runs, 1 hit, 0 errors, 1 left on base; Wisconsin 0 - Fort Wayne 1 |
| BOTTOM OF THE 4TH |
|
Fort Wayne TinCaps batting - Pitching for Wisconsin Timber Rattlers : RHP Travis Bieberich
|
|
Batting: RHB Dave Cordero
|
0-0: Called Strike 0-1: Ball 1-1: Ground out 5-3 (Groundball, 56S, EV 86.2 MPH)
|
|
Batting: LHB Sean Trueblood
|
0-0: Swinging Strike 0-1: Foul Ball, location: 2F 0-2: Ball 1-2: Strikes out swinging
|
|
Batting: LHB Justin Alworth
|
0-0: Ball 1-0: Fly out, F8 (Flyball, 8RM, EV 77.5 MPH)
|
| Bottom of the 4th over - 0 runs, 0 hits, 0 errors, 0 left on base; Wisconsin 0 - Fort Wayne 1 |
| TOP OF THE 5TH |
|
Wisconsin Timber Rattlers batting - Pitching for Fort Wayne TinCaps : RHP Josh Thorne
|
|
Batting: RHB Michael Dickerson
|
0-0: Swinging Strike 0-1: Called Strike 0-2: Ball 1-2: Fly out, F4 (Line Drive, 4M, EV 71.9 MPH)
|
|
Batting: SHB Robert Sayer
|
0-0: Foul Ball, location: 2F 0-1: Called Strike 0-2: Ball 1-2: Foul Ball, location: 2F 1-2: Ball 2-2: Strikes out looking
|
|
Batting: RHB Chris Maul
|
0-0: Called Strike 0-1: Ground out 6-3 (Groundball, 6, EV 104.4 MPH)
|
| Top of the 5th over - 0 runs, 0 hits, 0 errors, 0 left on base; Wisconsin 0 - Fort Wayne 1 |
| BOTTOM OF THE 5TH |
|
Fort Wayne TinCaps batting - Pitching for Wisconsin Timber Rattlers : RHP Travis Bieberich
|
|
Batting: LHB Javy Portela
|
0-0: Foul Ball, location: 2F 0-1: Foul Ball, location: 2F 0-2: Strikes out swinging
|
|
Batting: RHB Brian Klinkner
|
0-0: Called Strike 0-1: Foul Ball, location: 2F 0-2: Ball 1-2: Foul Ball, location: 2F 1-2: Ball 2-2: Foul Ball, location: 2F 2-2: Strikes out swinging
|
|
Batting: RHB Danny Gallegos
|
0-0: Foul Ball, location: 2F 0-1: Ball 1-1: Foul Ball, location: 2F 1-2: Ball 2-2: Ground out 6-3 (Groundball, 6, EV 96.2 MPH)
|
| Bottom of the 5th over - 0 runs, 0 hits, 0 errors, 0 left on base; Wisconsin 0 - Fort Wayne 1 |
| TOP OF THE 6TH |
|
Wisconsin Timber Rattlers batting - Pitching for Fort Wayne TinCaps : RHP Josh Thorne
|
|
Batting: RHB Victor Alarcon
|
0-0: Called Strike 0-1: Ground out 5-3 (Groundball, 56S, EV 89.4 MPH)
|
|
Batting: RHB Jose Cerritos
|
0-0: Ball 1-0: Ball 2-0: Called Strike 2-1: Ball 3-1: Foul Ball, location: 2F 3-2: Ground out 5-3 (Groundball, 56, EV 87.5 MPH)
|
|
Batting: LHB Karel Hort
|
0-0: Ball 1-0: Ball 2-0: SINGLE (Groundball, 56D, EV 93.8 MPH)
|
|
Batting: SHB Craig Wright
|
0-0: Ball Pickoff Throw to First - Out! 1-3 CS
|
| Top of the 6th over - 0 runs, 1 hit, 0 errors, 0 left on base; Wisconsin 0 - Fort Wayne 1 |
| BOTTOM OF THE 6TH |
|
Fort Wayne TinCaps batting - Pitching for Wisconsin Timber Rattlers : RHP Travis Bieberich
|
|
Batting: RHB Ricky Trejo
|
0-0: Called Strike 0-1: Foul Ball, location: 2F 0-2: Strikes out looking
|
|
Batting: RHB Adrian Cook
|
0-0: Ball 1-0: Ball 2-0: Called Strike 2-1: Ground out U3 (Groundball, 3, EV 87.5 MPH)
|
|
Batting: RHB Marcus Dawson
|
0-0: Called Strike 0-1: Ball 1-1: Swinging Strike 1-2: Ground out 4-3 (Groundball, 4M, EV 85.0 MPH)
|
| Bottom of the 6th over - 0 runs, 0 hits, 0 errors, 0 left on base; Wisconsin 0 - Fort Wayne 1 |
| TOP OF THE 7TH |
|
Wisconsin Timber Rattlers batting - Pitching for Fort Wayne TinCaps : RHP Josh Thorne
|
|
Batting: SHB Craig Wright
|
0-0: Called Strike 0-1: Ball 1-1: Foul Ball, location: 2F 1-2: Ball 2-2: Ball 3-2: Foul Ball, location: 2F 3-2: Foul Ball, location: 2F 3-2: Base on Balls
|
|
Pitching: RHP Ubbe Dekker
|
|
|
Batting: SHB C.J. Olivares
|
0-0: Ball 1-0: Bunted foul 1-1: Foul Ball, location: 2F 1-2: Foul Ball, location: 2F 1-2: Ball 2-2: Fielders Choice at 2nd, 4-6 (Groundball, 13, EV 80.6 MPH)
|
|
Pinch Hitting: LHB Tyler Francis
|
0-0: Ball 1-0: Grounds into double play, 5-6-3 (Groundball, 6, EV 85.6 MPH)
|
| Top of the 7th over - 0 runs, 0 hits, 0 errors, 0 left on base; Wisconsin 0 - Fort Wayne 1 |
| BOTTOM OF THE 7TH |
|
Fort Wayne TinCaps batting - Pitching for Wisconsin Timber Rattlers : RHP Travis Bieberich
|
|
Now at 3B: Rick Campbell
|
|
|
Batting: RHB Dave Cordero
|
0-0: Called Strike 0-1: Ball 1-1: Ball 2-1: Ground out 6-3 (Groundball, 6, EV 77.5 MPH)
|
|
Batting: LHB Sean Trueblood
|
0-0: Ball 1-0: Foul Ball, location: 2F 1-1: Foul Ball, location: 2F 1-2: Ball 2-2: Ball 3-2: Strikes out swinging
|
|
Batting: LHB Justin Alworth
|
0-0: TRIPLE (Flyball, 89XD, EV 102.5 MPH)
|
|
Pitching: RHP Jon Warren
|
|
|
Batting: LHB Javy Portela
|
0-0: Ball 1-0: Called Strike 1-1: Foul Ball, location: 2F 1-2: Strikes out swinging
|
| Bottom of the 7th over - 0 runs, 1 hit, 0 errors, 1 left on base; Wisconsin 0 - Fort Wayne 1 |
| TOP OF THE 8TH |
|
Wisconsin Timber Rattlers batting - Pitching for Fort Wayne TinCaps : RHP Ubbe Dekker
|
|
Batting: RHB Michael Dickerson
|
0-0: Called Strike 0-1: Ground out 6-3 (Groundball, 6, EV 87.5 MPH)
|
|
Batting: SHB Robert Sayer
|
0-0: Called Strike 0-1: Ball 1-1: Called Strike 1-2: Strikes out looking
|
|
Batting: RHB Chris Maul
|
0-0: Ground out 4-3 (Groundball, 4S, EV 68.1 MPH)
|
| Top of the 8th over - 0 runs, 0 hits, 0 errors, 0 left on base; Wisconsin 0 - Fort Wayne 1 |
| BOTTOM OF THE 8TH |
|
Fort Wayne TinCaps batting - Pitching for Wisconsin Timber Rattlers : RHP Jon Warren
|
|
Batting: RHB Brian Klinkner
|
0-0: Ball 1-0: Foul Ball, location: 2F 1-1: Ball 2-1: DOUBLE (Groundball, 5L, EV 103.8 MPH)
|
|
Batting: RHB Danny Gallegos
|
0-0: Intentional Walk
|
|
Batting: RHB Ricky Trejo
|
0-0: Bunt missed! 0-1: Ball 1-1: Ball 2-1: Bunted foul 2-2: Strikes out looking
|
|
Batting: RHB Adrian Cook
|
0-0: Swinging Strike 0-1: Grounds into double play, 5-4-3 (Groundball, 5, EV 89.4 MPH)
|
| Bottom of the 8th over - 0 runs, 1 hit, 0 errors, 1 left on base; Wisconsin 0 - Fort Wayne 1 |
| TOP OF THE 9TH |
|
Wisconsin Timber Rattlers batting - Pitching for Fort Wayne TinCaps : RHP Ubbe Dekker
|
|
Pitching: RHP Jose Ramos
|
|
|
Now at 2B: Cesar Arteaga
|
|
|
Pinch Hitting: SHB Aaron Neill
|
0-0: Called Strike 0-1: Foul Ball, location: 2F 0-2: Foul Ball, location: 2F 0-2: Ball 1-2: Ball 2-2: Ball 3-2: Foul Ball, location: 2F 3-2: SINGLE (Line Drive, 4MD, EV 100.6 MPH)
|
|
Batting: RHB Jose Cerritos
|
0-0: Fly out, F3 (Popup, 3L, EV 75.0 MPH)
|
|
Batting: LHB Karel Hort
|
0-0: Ball 1-0: Ball 2-0: Foul Ball, location: 2F 2-1: Fly out, F8 (Flyball, 89XD, EV 104.4 MPH)
|
|
Batting: SHB Craig Wright
|
0-0: Called Strike 0-1: Called Strike 0-2: Foul Ball, location: 2F 0-2: Ball 1-2: Ball 2-2: Foul Ball, location: 2F 2-2: Strikes out swinging
|
| Top of the 9th over - 0 runs, 1 hit, 0 errors, 1 left on base; Wisconsin 0 - Fort Wayne 1 |
|